[Event "Late-Titled-Tuesday-Blitz-April-23-2024"]
[Site "Chess.com"]
[Date "2024.04.23"]
[Round "5"]
[White "Good_Knight_Kiss"]
[Black "MKlose11"]
[Result "0-1"]
[WhiteElo "2450"]
[BlackElo "2602"]
[TimeControl "180+1"]
[EndTime "14:56:03 PDT"]
[Termination "MKlose11 won on time"]

1. e4 e6 2. d4 d5 3. Nc3 Bb4 4.
exd5 exd5 5. Bd3 Nc6 6. a3 Bxc3+ 7. bxc3 Nce7 8. Qf3 Nf6 9. h3 Ne4 10. Bxe4 dxe4 11.
Qxe4 c6 12. Nf3 O-O 13. O-O Bf5 14. Qe2 Re8 15. Bg5 f6 16. Be3 Qd5 17. c4 Qa5 18. Rfd1 Qa4 19. c3 Be6 20. Nd2 Rad8 21. Rdb1 b6 22. Rb4 Qc2 23. Qd1 Qg6 24. Qf3 Nf5 25.
Qxc6 Nxe3 26. fxe3 Bxh3 27. Qf3 Bg4 28. Qg3 h5 29. a4 Qd3 30. Nf1 Qxc3 31. Rab1 Qc2 32. R1b2 Qf5 33. Rb5 Qg6 34. a5 bxa5 35. Rxa5 Rd7 36.
c5 Rde7 37. d5 Re5 38. Rxa7 Rg5 39. Qc7 Bf3 40. d6 Rxg2+ 0-1

[Event "Late-Titled-Tuesday-Blitz-April-23-2024"]
[Site "Chess.com"]
[Date "2024.04.23"]
[Round "5"]
[White "LeninGuerra"]
[Black "tylityli"]
[Result "1-0"]
[WhiteElo "2669"]
[BlackElo "2322"]
[TimeControl "180+1"]
[EndTime "14:56:03 PDT"]
[Termination "LeninGuerra won on time"]

1. e4 e5 2. Nf3 Nc6 3. Bb5 a6 4. Ba4 Nf6 5. Qe2 d6 6. O-O g6 7. c3 Bg7 8. Rd1 O-O 9. d4 exd4 10.
cxd4 Bg4 11. h3 Bxf3 12. Qxf3 Qe7 13. Nc3 h6 14. Bf4 Nh5 15. Nd5 Qd8 16. Be3 Ne7 17. Bb3 Nxd5 18. Bxd5 c6 19. Bb3 Qe7 20. Re1 Kh7 21.
g4 Nf6 22. Bf4 Nd7 23. Rad1 Rae8 24. Qg3 d5 25. Bd6 Qf6 26. e5 Qe6 27. Bxf8 Rxf8 28. f4 Nb6 29. Bc2 Qe7 30. f5 gxf5 31. gxf5 f6 32. Kh1 Kh8 33. Qg6 Qf7 34. exf6 Qxf6 35.
Re8 Qxg6 36. Rxf8+ Bxf8 37. fxg6 Kg7 38. Rf1 1-0

[Event "Late-Titled-Tuesday-Blitz-April-23-2024"]
[Site "Chess.com"]
[Date "2024.04.23"]
[Round "5"]
[White "2Coaches1Profile"]
[Black "ubdip"]
[Result "1-0"]
[WhiteElo "2556"]
[BlackElo "2431"]
[TimeControl "180+1"]
[EndTime "14:56:04 PDT"]
[Termination "2Coaches1Profile won on time"]

1. d4 d5 2. Nf3 Nf6 3. Nbd2 Bf5 4. e3 e6 5. Ne5 Nbd7 6. g4 Bg6 7. h4 h6 8. Nxg6 fxg6 9. Bd3 Kf7 10. c4 Bd6 11. Qc2 Nf8 12. c5 Be7 13. f3 N6d7 14. h5 g5 15. b3 Bf6 16. Bb2 c6 17. f4 Qc7 18.
O-O Ke7 19. Rf3 Re8 20. Raf1 Kd8 21. b4 Kc8 22. a4 Kd8 23. b5 Kc8 24. Nb3 Nb8 25.
Bc3 Qe7 26. a5 Nfd7 27. a6 bxa6 28. bxa6 Ref8 29. Qb2 gxf4 30. exf4 Qd8 31. Rb1 Bh4 32. Ba5 Qf6 33. Nd2 Nb6 34. cxb6 1-0

[Event "Late-Titled-Tuesday-Blitz-April-23-2024"]
[Site "Chess.com"]
[Date "2024.04.23"]
[Round "5"]
[White "yaguigor"]
[Black "CarlosjPineror"]
[Result "0-1"]
[WhiteElo "2567"]
[BlackElo "2775"]
[TimeControl "180+1"]
[EndTime "14:56:05 PDT"]
[Termination "CarlosjPineror won by resignation"]

1. e4 c5 2. Nf3 e6 3. d4 cxd4 4.
Nxd4 a6 5. Bd3 Qc7 6. O-O Nf6 7. Qe2 d6 8. c4 Be7 9. Nc3 Nbd7 10. Rd1 b6 11. Nf3 Bb7 12. Bf4 Ne5 13. Nxe5 dxe5 14. Be3 O-O 15. Rac1 Bc5 16. a3 Rad8 17. Bxc5 bxc5 18.
b4 Rd4 19. f3 cxb4 20. axb4 Qb6 21. c5 Qxb4 22. Qe3 Qxc5 23. Ne2 Qd6 24. Nxd4 exd4 25.
e5 Qb6 26. Qf2 Nd5 27. Be4 a5 28. Qxd4 Qd8 29. Ra1 h6 30. Qc5 Qg5 31. Bxd5 Bxd5 32. Rxd5 exd5 33. Qxd5 Qe3+ 34. Kf1 a4 35. Qe4 Qxe4 36.
fxe4 Ra8 37. Ra3 Kf8 38. Ke2 Ke7 39. Kd3 Ke6 40. Kd4 Ra5 41. h4 h5 42. g3 g6 43.
Kc4 Kxe5 44. Kb4 Ra8 45. Ra1 a3 46. Kb3 a2 0-1

[Event "Late-Titled-Tuesday-Blitz-April-23-2024"]
[Site "Chess.com"]
[Date "2024.04.23"]
[Round "5"]
[White "english_player_89"]
[Black "egnfanclub"]
[Result "0-1"]
[WhiteElo "2525"]
[BlackElo "2379"]
[TimeControl "180+1"]
[EndTime "14:56:05 PDT"]
[Termination "egnfanclub won by checkmate"]

1. e4 e5 2. Nf3 Nc6 3. Bc4 Nf6 4. d3 Bc5 5. Bb3 d6 6. c3 O-O 7. Nbd2 a5 8. h3 b5 9. O-O a4 10. Bc2 h6 11. a3 Be6 12. Re1 Bb6 13. Nf1 Re8 14.
Ng3 Ne7 15. Nh4 Ng6 16. Nhf5 d5 17. Qf3 c6 18. h4 Bc7 19. h5 Nf4 20. Be3 Qd7 21.
Rad1 Rad8 22. d4 Bxf5 23. Nxf5 dxe4 24. Bxe4 Nxe4 25. Nxh6+ gxh6 26. dxe5 Qf5 27. g4 Qxe5 28. Rxd8 Rxd8 29. Bd4 Rxd4 30. cxd4 Qxd4 31. Qxe4 Nh3+ 32. Kg2 Qxf2+ 33. Kxh3 Qg3# 0-1

[Event "Late-Titled-Tuesday-Blitz-April-23-2024"]
[Site "Chess.com"]
[Date "2024.04.23"]
[Round "5"]
[White "PositionalPanther"]
[Black "rhwr"]
[Result "1-0"]
[WhiteElo "2535"]
[BlackElo "2306"]
[TimeControl "180+1"]
[EndTime "14:56:07 PDT"]
[Termination "PositionalPanther won on time"]

1. a3 c5 2. b4 e6 3. Bb2 Nf6 4. b5 d5 5. c4 d4 6. d3 Bd6 7. g3 O-O 8. Bg2 Nbd7 9. Nd2 Rb8 10. a4 a5 11. e4 dxe3 12. fxe3 Qc7 13. Ne2 b6 14. Nf4 Bb7 15. O-O Bxg2 16. Kxg2 Be5 17. d4 cxd4 18. exd4 Bxf4 19. Rxf4 e5 20. dxe5 Nxe5 21.
Nf3 Nxc4 22. Qc1 Rbc8 23. Bxf6 gxf6 24. Rh4 Qc5 25. Qh6 Qf5 26. Rc1 Ne5 27. Nxe5 1-0

[Event "Late-Titled-Tuesday-Blitz-April-23-2024"]
[Site "Chess.com"]
[Date "2024.04.23"]
[Round "5"]
[White "DamianoLew95"]
[Black "zsizsi99"]
[Result "1-0"]
[WhiteElo "2746"]
[BlackElo "2489"]
[TimeControl "180+1"]
[EndTime "14:56:08 PDT"]
[Termination "DamianoLew95 won by resignation"]

1. e4 c5 2. Nf3 Nc6 3. Bb5 Nf6 4.
Bxc6 dxc6 5. d3 g6 6. O-O Bg7 7. Re1 O-O 8. h3 Qc7 9. a3 e5 10. Be3 b6 11. b4 cxb4 12. axb4 Nd7 13. Nbd2 f5 14. Nc4 f4 15. Bd2 b5 16. Na5 c5 17. bxc5 Nxc5 18. Qb1 a6 19. Bb4 Rd8 20. Qb2 h6 21. Nb3 Nxb3 22. Qxb3+ Qf7 23. Qb2 Re8 24. Bc3 Qe7 25. d4 exd4 26. Bxd4 Be6 27. Bxg7 Qxg7 28. Qb4 Bc4 29. Ra3 Qc7 30. Rea1 Rxe4 31. Rxa6 Rxa6 32.
Rxa6 Re6 33. Ra8+ Kh7 34. Qf8 Qg7 35. Qc5 Re7 36. Rc8 g5 37. Qf5+ Qg6 38. Rh8+ Kxh8 39.
Qxg6 Re6 40. Qf5 Kg7 41. Ne5 Rf6 42. Qd7+ Kg8 43. Nxc4 bxc4 44. Qc8+ 1-0

[Event "Late-Titled-Tuesday-Blitz-April-23-2024"]
[Site "Chess.com"]
[Date "2024.04.23"]
[Round "5"]
[White "martinmena"]
[Black "wild3000"]
[Result "0-1"]
[WhiteElo "2161"]
[BlackElo "2425"]
[TimeControl "180+1"]
[EndTime "14:56:08 PDT"]
[Termination "wild3000 won on time"]

1. c4 Nf6 2. g3 h5 3. h4 e5 4. Nc3 Nc6 5. Bg2 Bc5 6. e3 d6 7.
Nge2 O-O 8. a3 a5 9. d4 Bb6 10.
O-O Bg4 11. f3 exd4 12. Nxd4 Bd7 13. Kh2 Re8 14. Nc2 Ne5 15. b3 a4 16. Nd4 axb3 17. Qxb3 Nc6 18. Nxc6 Bxc6 19. e4 Nd7 20. Nd5 Bd4 21. Bb2 Nc5 22. Qa2 Bxb2 23. Qxb2 Nd3 24. Qd4 Ne5 25. Bh3 Ra4 26. Nb4 Bd7 27. Bxd7 Qxd7 28. Kg2 c5 29. Qd1 cxb4 30. axb4 Rxb4 31. c5 dxc5 32. Qxd7 Nxd7 33. Rfd1 Ne5 34. Rd5 b6 35. f4 Rb2+ 36. Kf1 Ng4 37. Re1 c4 0-1

[Event "Late-Titled-Tuesday-Blitz-April-23-2024"]
[Site "Chess.com"]
[Date "2024.04.23"]
[Round "5"]
[White "Ghost_Pepper"]
[Black "cthake"]
[Result "1-0"]
[WhiteElo "2485"]
[BlackElo "1861"]
[TimeControl "180+1"]
[EndTime "14:56:08 PDT"]
[Termination "Ghost_Pepper won by resignation"]

1. e4 c5 2. Nf3 Nc6 3. g3 g6 4. Bg2 Bg7 5. O-O d6 6. Nc3 Nf6 7. d4 cxd4 8. Nxd4 O-O 9. Nde2 Bd7 10. Kh1 a6 11. f4 Qb6 12. Rb1 Ng4 13. Nd5 Qd8 14.
c4 Nf6 15. Be3 Nxd5 16. cxd5 Na5 17. b3 b5 18. Nd4 Rc8 19. Qd2 Nb7 20. Nc6 Qe8 21.
Rbc1 Nc5 22. b4 Na4 23. Nd4 Rc4 24. a3 Qc8 25. e5 dxe5 26. fxe5 Bxe5 27. Nc6 Bxc6 28. dxc6 Bc3 29. Qd5 e6 30. Qf3 f5 31.
Bh6 Rf7 32. Rfd1 e5 33. Qd5 Nb6 34. Qd8+ Rf8 35. Qxb6 Re8 36. Bd5+ Kh8 37. Bxc4 bxc4 38. Qc5 e4 39. Rxc3 e3 40. Qd4+ 1-0

[Event "Late-Titled-Tuesday-Blitz-April-23-2024"]
[Site "Chess.com"]
[Date "2024.04.23"]
[Round "5"]
[White "tarno17"]
[Black "1g60-1"]
[Result "0-1"]
[WhiteElo "2147"]
[BlackElo "2438"]
[TimeControl "180+1"]
[EndTime "14:56:09 PDT"]
[Termination "1g60-1 won on time"]

1. e4 e6 2. d4 d5 3. Nd2 Nf6 4. e5 Nfd7 5. Bd3 c5 6. c3 Nc6 7. Ne2 cxd4 8. cxd4 f6 9. exf6 Nxf6 10. O-O Bd6 11. Nf3 Qc7 12. Bg5 O-O 13. Bh4 Nh5 14.
Bg3 Nxg3 15. Nxg3 g6 16. Rc1 Qb6 17. Ng5 Qxd4 18. Nxh7 Rf7 19. Bxg6 Rg7 20. Qxd4 Nxd4 21. Nf6+ Kf8 22. Bd3 Ke7 23. Ngh5 Rf7 24. Ng4 e5 25. Rfe1 Bxg4 26. Ng3 Raf8 27. f3 Be6 28. Rcd1 Nc6 29. Bg6 Bc5+ 0-1

[Event "Late-Titled-Tuesday-Blitz-April-23-2024"]
[Site "Chess.com"]
[Date "2024.04.23"]
[Round "5"]
[White "Artem_Koval"]
[Black "ArtemDyachuk"]
[Result "1-0"]
[WhiteElo "2565"]
[BlackElo "2726"]
[TimeControl "180+1"]
[EndTime "14:56:10 PDT"]
[Termination "Artem_Koval won by checkmate"]

1. d4 Nf6 2. Nf3 e6 3. Bf4 d5 4. e3 c5 5. c3 Nc6 6. Nbd2 Be7 7. Bd3 Nh5 8. Bg3 Nxg3 9. hxg3 g6 10. Qe2 Qb6 11. Rb1 Bd7 12. dxc5 Bxc5 13. e4 O-O-O 14.
O-O Qc7 15. b4 Bb6 16. a4 a6 17. c4 dxe4 18. Nxe4 Nd4 19. Nxd4 Bxd4 20. c5 Bxa4 21. Bxa6 bxa6 22. Qxa6+ Qb7 23. Qxa4 Qxe4 24. c6 Bxf2+ 25. Kh2 Bd4 26. Rxf7 Kb8 27. Rb7+ Kc8 28. Qa8# 1-0

[Event "Late-Titled-Tuesday-Blitz-April-23-2024"]
[Site "Chess.com"]
[Date "2024.04.23"]
[Round "5"]
[White "traack"]
[Black "andrew-blr"]
[Result "0-1"]
[WhiteElo "2463"]
[BlackElo "2621"]
[TimeControl "180+1"]
[EndTime "14:56:11 PDT"]
[Termination "andrew-blr won by resignation"]

1. e4 c5 2. c3 d5 3. exd5 Qxd5 4. d4 Nf6 5. Nf3 e6 6. Na3 a6 7. Bc4 Qc6 8. Qe2 Nbd7 9. O-O b5 10. Bb3 Bb7 11. Bf4 g5 12. Bxg5 Rg8 13. d5 Nxd5 14. Rad1 Nf4 15. Bxf4 Qxf3 16. Qxf3 Bxf3 17. Bg3 Bxd1 18.
Bxd1 O-O-O 19. Bc2 h5 20. Be4 Nb6 21. Nc2 f5 22.
Bf3 Bd6 23. Bxh5 Bxg3 24. hxg3 Rd2 25. Rc1 Kc7 26. b4 Na4 27. bxc5 Nxc3 28. Nb4 Nxa2 29. Nxa6+ Kb7 30. c6+ Kxa6 31. Re1 Rc8 32. Rxe6 Rc7 33. Bf3 b4 34. Re8 Nc3 35. Ra8+ Kb5 36. Rb8+ Kc5 37. Rb7 Nb5 38. Kf1 b3 39. Be2 Rxe2 40. Kxe2 b2 0-1

[Event "Late-Titled-Tuesday-Blitz-April-23-2024"]
[Site "Chess.com"]
[Date "2024.04.23"]
[Round "5"]
[White "only_strong_moves"]
[Black "jefferyx"]
[Result "0-1"]
[WhiteElo "2712"]
[BlackElo "3100"]
[TimeControl "180+1"]
[EndTime "14:56:12 PDT"]
[Termination "jefferyx won by resignation"]

1. Nc3 c5 2. Nf3 Nf6 3. d4 cxd4 4. Nxd4 d6 5. g3 e5 6. Nb3 d5 7. e3 h5 8. Bg2 Be6 9. h3 Nc6 10. f4 e4 11. Ne2 Qc8 12. c3 Bd7 13. Ned4 a5 14. a4 Rg8 15. Nb5 g5 16. Qe2 gxf4 17.
gxf4 Na7 18. N5d4 Qc4 19. Bf1 Qc7 20. Bd2 Nc8 21. Nb5 Qd8 22. N3d4 Nb6 23. b3 Rc8 24. O-O-O Qe7 25. Kb2 Qc5 26. Be1 Na8 27. Bh4 Be7 28.
Qd2 Nc7 29. Bxf6 Bxf6 30. Nxc7+ Rxc7 31. Bb5 Bxd4 32. cxd4 Qb4 33. Bxd7+ Kxd7 34. Qxb4 axb4 35. Rhg1 Rgc8 36. Rd2 Rc3 37. Rg5 Rxe3 38. Rxd5+ Ke7 39. Rb5 Rxh3 40. Rxb4 Rd3 41. Re2 e3 42. Rb5 Rd2+ 0-1

[Event "Late-Titled-Tuesday-Blitz-April-23-2024"]
[Site "Chess.com"]
[Date "2024.04.23"]
[Round "5"]
[White "Durarbayli"]
[Black "mishanick"]
[Result "0-1"]
[WhiteElo "2915"]
[BlackElo "3158"]
[TimeControl "180+1"]
[EndTime "14:56:14 PDT"]
[Termination "mishanick won by resignation"]

1. e4 c5 2. Nf3 d6 3. d4 cxd4 4. Nxd4 Nf6 5. Nc3 a6 6. h4 e5 7. Nf5 d5 8. Qf3 d4 9. Nd5 Nxd5 10. exd5 Bxf5 11. Qxf5 Nd7 12. c3 g6 13. Qh3 Nc5 14. cxd4 exd4 15. Bc4 Bg7 16. Bg5 Qd6 17. Kf1 O-O 18.
h5 b5 19. Be2 Rfe8 20. hxg6 Qxg6 21. Bh6 Rxe2 22. Bxg7 Nd3 23. Bxd4 Rae8 24. Kg1 R8e4 25. Qc8+ Re8 26. Qh3 Nf4 27. Qf3 Re1+ 28. Rxe1 Rxe1+ 29. Kh2 Qh6+ 30. Kg3 Qg5+ 31. Qg4 Ne2+ 32. Kf3 Qxg4+ 33. Kxg4 Rxh1 34. d6 Nxd4 35. d7 Ne6 0-1

[Event "Late-Titled-Tuesday-Blitz-April-23-2024"]
[Site "Chess.com"]
[Date "2024.04.23"]
[Round "5"]
[White "Lennis93"]
[Black "Bilan_Danila"]
[Result "1-0"]
[WhiteElo "2765"]
[BlackElo "2569"]
[TimeControl "180+1"]
[EndTime "14:56:14 PDT"]
[Termination "Lennis93 won on time"]

1. d4 d5 2. c4 c6 3. Nf3 Nf6 4.
Qc2 g6 5. Nc3 Bg7 6. Bf4 O-O 7.
e3 Bf5 8. Qb3 Qb6 9. c5 Qxb3 10.
axb3 Nbd7 11. b4 a6 12. h3 Ne4 13. Be2 Rfe8 14. O-O e5 15. dxe5 Nxe5 16. Nxe5 Bxe5 17.
Bxe5 Rxe5 18. Rfd1 Nxc3 19. bxc3 Rae8 20. Rd4 Re4 21. Kf1 h5 22. Ke1 Rxd4 23. cxd4 Kg7 24. Kd2 h4 25. Kc3 g5 26. Kb3 Kf6 27. Ka4 Be4 28. Rg1 Re7 29. Ka5 Kg6 30. Kb6 f5 31. g3 hxg3 32. Rxg3 Kf6 33. f4 gxf4 34. exf4 Bc2 35.
Bh5 Rh7 36. Rg6+ Ke7 37. Rg5 Kf6 38. h4 Ba4 39. Ka7 Bb5 40. Kb8 Ba4 41. Kc8 Bb5 42.
Kd8 Rh8+ 43. Kd7 Rh7+ 44. Kd6 Rh6 45. Be8 1-0

[Event "Late-Titled-Tuesday-Blitz-April-23-2024"]
[Site "Chess.com"]
[Date "2024.04.23"]
[Round "5"]
[White "Romkachess"]
[Black "Cluke86"]
[Result "0-1"]
[WhiteElo "2632"]
[BlackElo "2335"]
[TimeControl "180+1"]
[EndTime "14:56:14 PDT"]
[Termination "Cluke86 won by resignation"]

1. e4 d6 2. d4 Nf6 3. Nc3 e5 4.
Nf3 Nbd7 5. Rg1 c6 6. g4 h6 7. Be3 Qc7 8. h4 b5 9. g5 hxg5 10.
hxg5 Nh5 11. Qd2 a5 12. O-O-O a4 13. Ne2 g6 14. Bh3 Nb6 15. Bxc8 Rxc8 16. dxe5 Nc4 17. Qd3 dxe5 18. Ng3 Nxg3 19. Rxg3 Be7 20. Kb1 a3 21. b3 Nb2 22. Qe2 Nxd1 23. Qxd1 Rd8 24. Qe1 Qd6 25. Rg1 c5 26. Bd2 c4 27. Bc3 Rh3 28.
Nxe5 Rxc3 29. f4 Rh3 30. Kc1 cxb3 31. axb3 a2 32. Kb2 Qa3+ 33. Ka1 Qb4 34. Qf1 Qc3+ 35. Kxa2 Ra8+ 0-1

[Event "Late-Titled-Tuesday-Blitz-April-23-2024"]
[Site "Chess.com"]
[Date "2024.04.23"]
[Round "5"]
[White "rdarruda"]
[Black "ChessGiantYouTube"]
[Result "1/2-1/2"]
[WhiteElo "2534"]
[BlackElo "2357"]
[TimeControl "180+1"]
[EndTime "14:56:15 PDT"]
[Termination "Game drawn by repetition"]

1. Nf3 g6 2. d4 Bg7 3. e4 d6 4. Nc3 e6 5. Bg5 Ne7 6. Qd2 h6 7. Be3 b6 8. h4 Bb7 9. O-O-O Nd7 10. Kb1 a6 11. Bd3 b5 12. a3 c5 13. Rhe1 Qc7 14.
e5 d5 15. dxc5 Nxc5 16. h5 g5 17. Ne2 Ne4 18. Qc1 Nc6 19. Ned4 Nxe5 20. Nxe5 Bxe5 21. f3 Nf6 22. c3 Bf4 23. Bg6 O-O-O 24. Bc2 Nxh5 25. g4 Bxe3 26. Qxe3 Nf4 27. Rh1 Kb8 28. Nb3 Rc8 29. Rd2 a5 30. Nd4 Ba6 31. Bd3 Qb7 32. Bf1 Rce8 33. Qe5+ Qc7 34. Qf6 Qe7 35. Qe5+ Qc7 36.
Qf6 Qe7 37. Qe5+ Qc7 1/2-1/2

[Event "Late-Titled-Tuesday-Blitz-April-23-2024"]
[Site "Chess.com"]
[Date "2024.04.23"]
[Round "5"]
[White "Kostukov_Alex"]
[Black "protectiago"]
[Result "1-0"]
[WhiteElo "2369"]
[BlackElo "2066"]
[TimeControl "180+1"]
[EndTime "14:56:15 PDT"]
[Termination "Kostukov_Alex won on time"]

1. g3 c5 2. c4 Nc6 3. Bg2 g6 4. Nf3 Bg7 5. O-O e5 6. Nc3 d6 7. d3 Be6 8. Rb1 a5 9. a3 Nge7 10. Bd2 O-O 11. Ng5 Bd7 12. Nge4 Be6 13. Nb5 Nc8 14.
Nec3 Rb8 15. Nd5 N6e7 16. Ndc3 Nb6 17. Ne4 Nec8 18. Bxa5 f5 19. Nd2 Qf6 20. Nxd6 Nxd6 21. Bxb6 Rbc8 22. b4 cxb4 23. axb4 Bf7 24. Bc5 Rfe8 25.
Bxd6 Qxd6 26. Bxb7 Rb8 27. c5 Qd4 28. c6 Bd5 29. b5 e4 30. Nb3 Qb6 31. dxe4 Bxe4 32.
Rc1 Rxb7 33. cxb7 Qxb5 34. Rc8 Bxb7 35. Rxe8+ Qxe8 36. Nc5 1-0

[Event "Late-Titled-Tuesday-Blitz-April-23-2024"]
[Site "Chess.com"]
[Date "2024.04.23"]
[Round "5"]
[White "Hamisandwich"]
[Black "subham777"]
[Result "1-0"]
[WhiteElo "2731"]
[BlackElo "2534"]
[TimeControl "180+1"]
[EndTime "14:56:17 PDT"]
[Termination "Hamisandwich won by checkmate"]

1. e4 e6 2. f4 d5 3. e5 c5 4. Nf3 Nc6 5. c3 d4 6. Bd3 Nge7 7.
Be4 g6 8. Qe2 Bg7 9. d3 O-O 10.
c4 a6 11. O-O b5 12. Na3 Rb8 13. Bd2 bxc4 14. Nxc4 Nd5 15. b3 h6 16. Nd6 a5 17.
Rac1 Qb6 18. h4 Ba6 19. h5 Nce7 20. Nc4 Bxc4 21. Rxc4 Nf5 22. Bxf5 gxf5 23. Rfc1 Nb4 24. Bxb4 cxb4 25. Kh2 Rfd8 26. Rg1 Rdc8 27. g4 Rxc4 28. dxc4 d3 29. Qxd3 Rd8 30. Qe2 fxg4 31. Rxg4 Kh8 32.
Rg2 a4 33. Nd2 axb3 34. axb3 Qd4 35. Ne4 Qa1 36. Qg4 Rg8 37. Nf6 Qa8 38. Nxg8 Qxg8 39. c5 Qe8 40. Qxg7# 1-0

[Event "Late-Titled-Tuesday-Blitz-April-23-2024"]
[Site "Chess.com"]
[Date "2024.04.23"]
[Round "5"]
[White "chucksterf10"]
[Black "AlexeiShirov"]
[Result "1-0"]
[WhiteElo "2628"]
[BlackElo "2801"]
[TimeControl "180+1"]
[EndTime "14:56:19 PDT"]
[Termination "chucksterf10 won by resignation"]

1. d4 d5 2. c4 c6 3. cxd5 cxd5 4. Bf4 Nc6 5. e3 Nf6 6. Nc3 Bg4 7. Qb3 Na5 8. Qa4+ Bd7 9. Qc2 Rc8 10. Bd3 b5 11. a3 g6 12. Nf3 Bg7 13. h3 O-O 14. O-O Ne4 15. Rfc1 Nxc3 16. bxc3 Nc4 17. e4 dxe4 18.
Bxe4 Qa5 19. Nd2 Be6 20. Nb3 Qb6 21. Nc5 Rfd8 22. Nxe6 Qxe6 23. Bb7 Qf6 24. Bg3 Bh6 25. Re1 e6 26. Bxc8 Rxc8 27. a4 a6 28. axb5 axb5 29. Ra7 Nb6 30. Be5 Qd8 31. Rb1 Nd5 32. Rxb5 Nxc3 33. Rc5 Rxc5 34. dxc5 Nd5 35. c6 Bf8 36.
c7 Qc8 37. Qc6 Ne7 38. Ra8 1-0

[Event "Late-Titled-Tuesday-Blitz-April-23-2024"]
[Site "Chess.com"]
[Date "2024.04.23"]
[Round "5"]
[White "MyDream003"]
[Black "HajiyevKanan"]
[Result "1/2-1/2"]
[WhiteElo "2821"]
[BlackElo "2615"]
[TimeControl "180+1"]
[EndTime "14:56:19 PDT"]
[Termination "Game drawn by repetition"]

1. Nf3 d5 2. d4 c5 3. c4 cxd4 4. cxd5 Nf6 5. Qxd4 Qxd5 6. Nc3 Qxd4 7. Nxd4 a6 8. e4 e5 9. Nc2 Nc6 10. f3 Nb4 11.
Nxb4 Bxb4 12. Bd2 Be6 13. a3 Bc5 14. Bd3 O-O-O 15. Bc2 Kb8 16. O-O-O Rd7 17. Bg5 Rhd8 18. Rxd7 Rxd7 19. Rd1 Rxd1+ 20. Nxd1 Ne8 21. Bd2 Kc7 22. Ne3 f6 23. Bd3 Nd6 24. b4 Bd4 25. Nc2 Bg1 26. h3 Nb5 27. Bxb5 axb5 28. Be3 Bh2 29. Kd2 Bc4 30. Bf2 Bf4+ 31. Be3 Bg3 32. Bc5 Bf1 33.
Ne3 Bf4 34. g3 Bxe3+ 35. Kxe3 Bxh3 36. Bf8 g6 37. Bg7 f5 38. Bxe5+ Kd7 39. exf5 Bxf5 40.
Kd4 Kc6 41. Bf4 Bc2 42. Be3 Bd1 43. Ke4 Kd6 44. g4 h5 45. gxh5 gxh5 46. Bf2 Ke6 47. Bg3 Bc2+ 48. Kd4 Bd1 49. Ke4 Bc2+ 50. Kd4 Bd1 51.
Ke4 1/2-1/2

[Event "Late-Titled-Tuesday-Blitz-April-23-2024"]
[Site "Chess.com"]
[Date "2024.04.23"]
[Round "5"]
[White "ChessBrainiacOnTwitch"]
[Black "Levanzovsky"]
[Result "1-0"]
[WhiteElo "2796"]
[BlackElo "2509"]
[TimeControl "180+1"]
[EndTime "14:56:19 PDT"]
[Termination "ChessBrainiacOnTwitch won by resignation"]

1. Nf3 Nf6 2. g3 e6 3. Bg2 d5 4.
O-O Be7 5. d3 O-O 6. Nbd2 c5 7.
e4 Nc6 8. Re1 Qc7 9. Qe2 b5 10.
a4 b4 11. e5 Nd7 12. h4 Re8 13. Nf1 f6 14. exf6 Bxf6 15. N1h2 Bb7 16. Ng4 Qd8 17. Ng5 Nde5 18. Nxf6+ Qxf6 19. c3 bxc3 20. bxc3 h6 21. Nh3 Rf8 22. Nf4 Rae8 23. Rb1 Ba6 24. Ba3 g5 25. hxg5 hxg5 26. Nh5 Qf7 27. Rb5 Qg6 28.
Bxc5 Rf7 29. d4 Nd7 30. Bd6 Rh7 31. g4 Nd8 32. Bxd5 Rh6 33. Be4 Qf7 34. Rxg5+ Kh8 35.
Qxa6 Rg8 36. Qb5 e5 37. Rxg8+ Qxg8 38. Bxe5+ Nxe5 39. Qxe5+ 1-0

[Event "Late-Titled-Tuesday-Blitz-April-23-2024"]
[Site "Chess.com"]
[Date "2024.04.23"]
[Round "5"]
[White "Heliosis11"]
[Black "IngOscarArdila"]
[Result "1-0"]
[WhiteElo "2395"]
[BlackElo "2258"]
[TimeControl "180+1"]
[EndTime "14:56:19 PDT"]
[Termination "Heliosis11 won by checkmate"]

1. e4 e5 2. Nf3 Nf6 3. Nxe5 d6 4. Nf3 Nxe4 5. Nc3 Nf6 6. d4 Be7 7. Bd3 O-O 8. O-O Bg4 9. h3 Bh5 10. g4 Bg6 11. Bg5 Nbd7 12. Bxg6 hxg6 13. Qd2 Re8 14. Rfe1 Nh7 15. Bxe7 Rxe7 16. Rxe7 Qxe7 17. Re1 Qf8 18. Nd5 c6 19. Ne7+ Kh8 20. Qf4 d5 21. Ne5 Nxe5 22. Rxe5 Nf6 23. Qg5 Re8 24. Qe3 Rd8 25.
Qg3 Re8 26. Qe3 Rd8 27. Qa3 a6 28. Qb4 Rb8 29. a4 Ng8 30. Qe1 Nf6 31. f3 Rd8 32. Qh4+ Nh7 33. f4 Re8 34. a5 g5 35. fxg5 g6 36.
Qe1 Nxg5 37. Nxg6+ fxg6 38. Rxe8 Nf3+ 39. Kf1 Nxe1+ 40. Rxf8+ Kg7 41. Rf2 g5 42. Kxe1 Kg6 43.
Ke2 Kg7 44. Ke3 Kg6 45. b3 Kg7 46. c4 Kg6 47. cxd5 Kg7 48. dxc6 Kg6 49. cxb7 Kg7 50. b8=Q Kg6 51. Qg8+ Kh6 52. Rf6# 1-0

[Event "Late-Titled-Tuesday-Blitz-April-23-2024"]
[Site "Chess.com"]
[Date "2024.04.23"]
[Round "5"]
[White "jinbojinbo"]
[Black "kylelancman"]
[Result "0-1"]
[WhiteElo "2630"]
[BlackElo "2489"]
[TimeControl "180+1"]
[EndTime "14:56:20 PDT"]
[Termination "kylelancman won on time"]

1. c4 c5 2. Nc3 g6 3. Nf3 Bg7 4. e3 Nf6 5. d4 cxd4 6. exd4 d5 7. Qb3 O-O 8. cxd5 Nbd7 9. Bc4 Nb6 10. O-O Bf5 11. Bg5 Rc8 12. Bxf6 Bxf6 13. Be2 Qd7 14. Rad1 Rfd8 15. Ne5 Qd6 16. Nc4 Nxc4 17. Bxc4 a6 18. a4 Rc7 19. Rfe1 Rdc8 20. Bf1 h5 21. h3 h4 22. Bd3 Bxd3 23. Rxd3 Rc4 24. Re4 Qb4 25. Qxb4 Rxb4 26. Rd2 Rcc4 27. d6 exd6 28. Nd5 Bg5 29. Nxb4 Bxd2 30. Nd5 Rxa4 31. Rxh4 Kg7 32. Re4 Ra2 33.
b4 Rb2 34. Re7 Bxb4 35. Rxb7 Bc3 36. Rxb2 Bxb2 37. Nc7 a5 38. Nb5 a4 0-1

[Event "Late-Titled-Tuesday-Blitz-April-23-2024"]
[Site "Chess.com"]
[Date "2024.04.23"]
[Round "5"]
[White "Navyblue1"]
[Black "Rytenko_V"]
[Result "0-1"]
[WhiteElo "2277"]
[BlackElo "2526"]
[TimeControl "180+1"]
[EndTime "14:56:20 PDT"]
[Termination "Rytenko_V won by resignation"]

1. d4 Nf6 2. c4 e6 3. Nf3 d5 4. cxd5 exd5 5. Nc3 c6 6. Bg5 Be7 7. Qc2 Nbd7 8. e3 h6 9. Bh4 Nh5 10. Bxe7 Qxe7 11. Bd3 Nhf6 12. O-O O-O 13. a3 a5 14. Rab1 Re8 15. Nd2 c5 16. dxc5 Nxc5 17. Bb5 Bd7 18. Nf3 Rac8 19. Bxd7 Qxd7 20. Nd4 Nce4 21. Qd3 Nxc3 22.
bxc3 Ne4 23. Nb5 Rc5 24. Rfd1 Qc6 25. a4 Re5 26. Qd4 Rf5 27. f3 Nxc3 28. Nxc3 Rc4 29. Qb6 Rxc3 30. Qxb7 Qc4 31. Qb8+ Kh7 32. Qb5 Qa2 33.
Rb2 Qa3 34. Rxd5 Rxd5 35. Qxd5 Rc1+ 36. Kf2 Qxb2+ 37. Kg3 Qf6 0-1

[Event "Late-Titled-Tuesday-Blitz-April-23-2024"]
[Site "Chess.com"]
[Date "2024.04.23"]
[Round "5"]
[White "alex1531"]
[Black "KorolDimitriy75"]
[Result "1/2-1/2"]
[WhiteElo "2512"]
[BlackElo "2355"]
[TimeControl "180+1"]
[EndTime "14:56:20 PDT"]
[Termination "Game drawn by repetition"]

1. d4 Nf6 2. Bg5 Ne4 3. Bf4 c5 4. f3 Qa5+ 5. c3 Nf6 6. Nd2 cxd4 7. Nb3 Qb6 8. Nxd4 Nc6 9. e4 d6 10. Be3 Qd8 11. Bc4 g6 12. Nge2 Bg7 13. O-O O-O 14.
a4 Bd7 15. a5 Nxa5 16. Bd3 Nc6 17. Nxc6 bxc6 18. b4 a5 19. bxa5 Rxa5 20. Qb3 Rxa1 21. Rxa1 Qb8 22. Qc2 c5 23. Bc4 Bc6 24. e5 Nd5 25. Bxd5 Bxd5 26. exd6 exd6 27. Rb1 Qc7 28. Bf4 Re8 29. Ng3 Qc6 30. Rd1 Bf8 31. c4 Be6 32. Ne4 Rd8 33. Qc3 Bg7 34. Nf6+ Kh8 35. Bh6 Bxh6 36.
Nh5+ Kg8 37. Nf6+ Kh8 38. Nh5+ Kg8 39. Nf6+ Kh8 1/2-1/2